 Dungeon Crawl Stone Soup version 0.31-a0-609-g7bf6ffcfed (webtiles) character file.

Game seed: 17703205329277893295

51 javelincjr the Conjurer (level 3, -2/21 HPs)
             Began as an Octopode Conjurer on Aug 21, 2023.
             Slain by a phantom (7 damage)
             ... on level 2 of the Dungeon.
             The game lasted 00:05:20 (1898 turns).

javelincjr the Conjurer (Octopode Conjurer)         Turns: 1898, Time: 00:05:20

Health: -2/21      AC:  1    Str:  6    XL:     3   Next: 83%
Magic:  1/6        EV: 13    Int: 22    God:
Gold:   75         SH:  0    Dex: 10    Spells: 4/7 levels left

rFire   . . .        (no weapon)
rCold   . . .        (no shield)
rNeg    . . .        (helmet restricted)
rPois   .            (no amulet)
rElec   .            (no ring)
rCorr   .            (no ring)
SInv    .            (no ring)
Will    .....        (no ring)
Stlth   +++          (no ring)
HPRegen 0.23/turn    (no ring)
MPRegen 0.10/turn    (no ring)
                     (no ring)

%: no passive effects
@: no status effects
A: almost no armour, amphibious, 8 rings, camouflage 1, gelatinous body 1,
(nimble swimmer 1), tentacles
a: no special abilities


You were on level 2 of the Dungeon.
You visited 1 branch of the dungeon, and saw 2 of its levels.

You collected 75 gold pieces.

Inventory:

Scrolls
 c - a scroll of fear {unknown}
 d - 3 scrolls of identify {unknown}
 f - 2 scrolls of teleportation {unknown}
 g - a scroll of enchant weapon {unknown}
 h - a scroll of revelation {unknown}
Potions
 b - a potion of might {unknown}
 e - a potion of haste {unknown}


   Skills:
 + Level 2.6 Dodging
 + Level 3.7 Stealth
 + Level 2.5 Spellcasting
 + Level 4.3 Conjurations


You had 4 spell levels left.
You knew the following spells:

 Your Spells              Type           Power      Damage    Failure   Level
a - Magic Dart            Conj           84%        1d7       2%          1
b - Searing Ray           Conj           42%        2d6       3%          2

Your spell library contained the following spells:

 Spells                   Type           Power      Damage    Failure   Level
 Kiss of Death            Conj/Necr      48%        2d9       5%          1
 Shock                    Conj/Air       48%        1d6       5%          1
 Dazzling Flash           Conj/Hex       24%        N/A       16%         3
 Confusing Touch          Hex            2%         N/A       36%         3
 Swiftness                Air            2%         N/A       36%         3
 Fulminant Prism          Conj/Hex       6%         3d7       47%         4
 Iskenderun's Mystic Bla  Conj/Tloc      12%        2d5       47%         4
 Airstrike                Air            1%         2d(1-17)  78%         4
 Dispel Undead            Necr           2%         3d7       78%         4


Dungeon Overview and Level Annotations

Branches:
Dungeon (2/15)

Altars:

Shops:
D:1 =


Innate Abilities, Weirdness & Mutations

You cannot wear most types of armour.
You are amphibious.
You can wear up to eight rings at the same time.
Your skin changes colour to match your surroundings (Stealth+).
Your rubbery body absorbs attacks. (AC +1, EV +1)
((You are camouflaged when in or above water. (Stealth+)))
You have tentacles for arms and can constrict up to eight enemies at once.


Message History

The searing ray hits the hobgoblin.
The hobgoblin is almost dead. (Press . to maintain the ray.)
The hobgoblin misses you.
The searing ray hits the hobgoblin!
You kill the hobgoblin!
Casting: Searing Ray (safe; 3% risk of failure)
Confirm with . or Enter, or press ? or * to list all spells.
Restarting spell: Searing Ray (safe; 3% risk of failure)
Press: ? - help, Shift-Dir - straight line, f - phantom
Aim: a phantom (69% to hit)
The searing ray hits the phantom!
The phantom is moderately damaged. (Press . to maintain the ray.)
The phantom misses you. Magic courses through your body. The phantom hits you.
Casting: Searing Ray (safe; 3% risk of failure)
Confirm with . or Enter, or press ? or * to list all spells.
Aiming: Searing Ray (safe; 3% risk of failure)
Press: ? - help, Shift-Dir - straight line, f/p - phantom
Aim: a phantom (moderately damaged, 69% to hit)
The searing ray hits the phantom.
The phantom is heavily damaged. (Press . to maintain the ray.)
The phantom hits you.
* * * LOW HITPOINT WARNING * * *
The phantom blinks!
You blink.
Casting: Searing Ray (safe; 3% risk of failure)
Confirm with . or Enter, or press ? or * to list all spells.
Aiming: Searing Ray (safe; 3% risk of failure)
Press: ? - help, Shift-Dir - straight line, f/p - phantom
Aim: a phantom (heavily damaged, 69% to hit)
The searing ray hits the phantom.
The phantom is heavily damaged. (Press . to maintain the ray.)
The phantom barely misses you.
The searing ray hits the phantom.
The phantom is severely damaged.
The phantom hits you!
You die...

.........).$....# #..
.........[.>....+ #..
#...#...........# #...
#...............# #...
#....#.....###..S<
#....#.......†..+ .
#....#..........###
#........#........#
#..@W.#........+ .
#.............)###..
#............#......
...........####......
##..........#.........
#.........(#.........
#.....<....#.......##
#...............#+##
..........##


You could see a phantom.

Vanquished Creatures
  An adder (D:2)
  A dart slug (D:1)
  2 ball pythons (D:1)
  2 bats (D:1)
  4 endoplasms (D:1)
  A giant cockroach (D:1)
  5 hobgoblins
  6 jackals
  A quokka (D:2)
  2 frilled lizards (D:1)
  5 kobolds
  5 rats
35 creatures vanquished.

Notes
Turn   | Place    | Note
-------+----------+-------------------------------------------
     0 | D:1      | javelincjr the Octopode Conjurer began the quest for the
                  | Orb.
     0 | D:1      | Reached XP level 1. HP: 11/11 MP: 3/3
   231 | D:1      | Reached XP level 2. HP: 17/17 MP: 3/5
   778 | D:1      | Found a faded altar of an unknown god.
   857 | D:1      | Reached XP level 3. HP: 21/21 MP: 1/6
  1017 | D:1      | Found Ipuharuf's Jewellery Shoppe.
  1518 | D:2      | Learned a level 2 spell: Searing Ray
  1879 | D:2      | Noticed a phantom
  1898 | D:2      | Slain by a phantom

Illustrated notes

Levels and vault maps discovered:
D:1:      ncdulo_wetmaze, layout_loops_corners, serial_shops,
          nicolae_shop_stone, hellmonk_ecumenical_altar_inner_sanctum,
          solitary_fountain
D:2:      layout_basic

Skill      XL: |  1 |
---------------+----+-----
Stealth        | 3 |  3.7
Dodging        | |  2.6
Spellcasting   | |  2.5
Conjurations   | |  4.3

Action                     || total
---------------------------++-------
  Melee: Unarmed           ||    18
         Constrict         ||     4
         Tentacles         ||     4
   Cast: Magic Dart        ||    72
         Searing Ray       ||     4
    Use: Potion            ||     1
 Armour: Skin              ||     3
  Dodge: Dodged            ||    13

Table legend: (Time is in decaauts)
 A = Elapsed time spent in this place.
 B = Non-inter-level travel time spent in this place.
 C = Inter-level travel time spent in this place.
 D = Time resting spent in this place.
 E = Time spent auto-exploring this place.
 F = Levels seen in this place.
 G = Mean time per level.
                   A        B        C        D        E       F      G
               +--------+--------+--------+--------+--------+-----+--------+
         Total |   1897 |   1889 |      8 |      0 |   1678 |   2 |  948.5 |
       Dungeon |   1897 |   1889 |      8 |      0 |   1678 |   2 |  948.5 |
               +--------+--------+--------+--------+--------+-----+--------+

Top non-repeatable levels by time:
     D:1: 1358 daAuts
     D:2: 539 daAuts
